 Dungeon Crawl Stone Soup version 0.29-a0-330-g52719c12eb (webtiles) character file.

Game seed: 7370683861935390064

11181 Crownlay the Covert (level 11, -7/70 HPs)
             Began as an Octopode Earth Elementalist on May 24, 2022.
             Was an Initiate of Gozag.
             Mangled by a wraith (8 damage)
             ... led by Josephine
             ... on level 11 of the Dungeon.
             The game lasted 00:26:17 (12603 turns).

Crownlay the Covert (Octopode Earth Elementalist)  Turns: 12603, Time: 00:26:18

Health: -7/70      AC:  1    Str: 14    XL:     11   Next: 73%
Magic:  23/35      EV: 19    Int: 32    God:    Gozag
Gold:   1052       SH:  0    Dex: 16    Spells: 13/32 levels left

rFire   . . .      SeeInvis .   l - +5 lajatang (spect)
rCold   + . .      Faith    .   (shield currently unavailable)
rNeg    . . .      Spirit   .   (helmet restricted)
rPois   .          Reflect  .   u - amulet of magic regeneration
rElec   +          Harm     .   E - ring of willpower
rCorr   .          Rampage  .   i - +6 ring of intelligence
Will    +....                   r - ring of magical power
Stlth   +++++++...              C - +6 ring of strength
HPRegen 0.21/turn               F - +4 ring of evasion
MPRegen 0.64/turn               H - ring of the Painted Breadfruit {Ice rElec Int+4 Dex+4 Stlth+}
                                L - ring of protection from fire
                                N - ring of flight

@: gold aura, flying, hasted and slowed, studying Throwing
A: almost no armour, amphibious, 8 rings, camouflage 1, gelatinous body 1,
(nimble swimmer 1), tentacles
a: Renounce Religion, Potion Petition, Call Merchant, Bribe Branch


You were on level 11 of the Dungeon.
You worshipped Gozag.
Gozag was most pleased with you.
You visited 2 branches of the dungeon, and saw 12 of its levels.
You also visited: Ossuary.

You collected 1728 gold pieces.
You spent 576 gold pieces at shops.
You paid 100 gold pieces to Gozag.

Inventory:

Hand Weapons
 l - a +5 spectral lajatang (weapon)
 D - the +7 long sword of a Billion Shrikes {vamp, Str+2}
   (You found it on level 8 of the Dungeon)

   It occasionally heals its wielder for a portion of the damage dealt when it
   wounds a living foe.
   Str:       It affects your strength (+2).
 M - the +5 spear "Grim Tooth" {elec, Str+3}
   (You found it on level 8 of the Dungeon)

   It occasionally discharges a powerful burst of electricity upon striking a
   foe.
   Str:       It affects your strength (+3).
Missiles
 a - 197 stones
Magical Staves
 A - a staff of air
Jewellery
 g - a ring of resist corrosion
 i - a +6 ring of intelligence (right tentacle)
 o - a ring of ice
 r - a ring of magical power (on tentacle)
 u - an amulet of magic regeneration (around mantle)
 C - a +6 ring of strength (on tentacle)
 E - a ring of willpower (left tentacle)
 F - a +4 ring of evasion (on tentacle)
 H - the ring of the Painted Breadfruit (on tentacle) {Ice rElec Int+4 Dex+4 Stlth+}
   (You found it in an ossuary)

   [ring of ice]

   It enhances your ice magic.
   Int:       It affects your intelligence (+4).
   Dex:       It affects your dexterity (+4).
   rF:        It makes you vulnerable to fire.
   rC:        It protects you from cold.
   rElec:     It insulates you from electricity.
   Stlth:     It makes you more stealthy.
 L - a ring of protection from fire (on tentacle)
 N - a ring of flight (on tentacle)
Wands
 h - a wand of iceblast (2)
 j - a wand of polymorph (5)
 n - a wand of flame (18)
 v - a wand of digging (8)
 K - a wand of acid (12)
Scrolls
 e - 2 scrolls of amnesia
 q - a scroll of silence
 s - a scroll of fog
 y - 5 scrolls of teleportation
 B - 4 scrolls of enchant armour
Potions
 b - 2 potions of magic
 c - 3 potions of lignification {unknown}
 f - 4 potions of might
 k - 8 potions of curing
 m - 2 potions of invisibility {unknown}
 p - a potion of ambrosia {unknown}
 t - 2 potions of cancellation {unknown}
 w - a potion of berserk rage {unknown}
 x - 3 potions of degeneration {unknown}
 z - 3 potions of brilliance {unknown}
 G - a potion of mutation {unknown}
 I - 2 potions of haste
 J - 2 potions of resistance {unknown}


   Skills:
 + Level 4.4 Fighting
 + Level 5.0 Dodging
 + Level 11.8 Stealth
 * Level 11.0 Spellcasting
 + Level 4.6 Transmutations
 + Level 8.8 Earth Magic


You had 13 spell levels left.
You knew the following spells:

 Your Spells              Type           Power      Damage    Failure   Level
a - Sandblast             Erth           100%       2d20      1%          1
b - Stone Arrow           Conj/Erth      92%        3d12      1%          3
c - Petrify               Tmut/Erth      57%        N/A       1%          4
d - Statue Form           Tmut/Erth      38%        N/A       26%         6
e - Lee's Rapid Deconstr  Erth           32%        3d18*     1%          5

Your spell library contained the following spells:

 Spells                   Type           Power      Damage    Failure   Level
 Passwall                 Tmut/Erth      47%        N/A       1%          2
 Animate Skeleton         Necr           34%        N/A       2%          1
 Pain                     Necr           68%        1d7       2%          1
 Leda's Liquefaction      Hex/Erth       23%        N/A       4%          4
 Vampiric Draining        Necr           17%        2d7       9%          3
 Blade Hands              Tmut           23%        N/A       12%         5
 Irradiate                Conj/Tmut      16%        3d18      30%         5
 Dragon Form              Tmut           23%        N/A       98%         7


Dungeon Overview and Level Annotations

Branches:
Dungeon (11/15)            Temple (1/1) D:5         Ossuary (visited)
   Lair: D:8-11         Orc: D:9-12

Altars:
Ashenzari
Cheibriados
Dithmenos
Gozag
Hepliaklqana
Kikubaaqudgha
Makhleb
Okawaru
Qazlal
Ru
Sif Muna
Trog
Uskayaw
Vehumet
Wu Jian
Xom
Yredelemnul
Zin
The Shining One

Shops:
D:10 :


Innate Abilities, Weirdness & Mutations

You cannot wear most types of armour.
You are amphibious.
You can wear up to eight rings at the same time.
Your skin changes colour to match your surroundings (Stealth+).
Your rubbery body absorbs attacks. (AC +1, EV +1)
((You are camouflaged when in or above water. (Stealth+)))
You have tentacles for arms and can constrict up to eight enemies at once.


Message History

Josephine is severely wounded.
The wraith hits you! The wraith drains your vigour!
You feel yourself slow down.
Josephine points at you and mumbles some strange words.
The ghostly flame explodes!
The ghostly fireball engulfs you!!
You feel drained.
* * * LOW HITPOINT WARNING * * *
The ghostly fireball engulfs the wraith.
The wraith completely resists.
The ghostly fireball engulfs Josephine.
Josephine completely resists.
Okay, then.
Okay, then.
You feel much better. The wraith misses you. Josephine completely misses you.
Josephine misses you. The wraith hits you! The wraith drains your vigour!
You feel as though you will be slow longer.
A wraith comes into view.
Casting: Sandblast (safe; 1% risk of failure)
Confirm with . or Enter, or press ? or * to list all spells.
Aiming: Stone Arrow (safe; 1% risk of failure)
Press: ? - help, Shift-Dir - straight line, f/p - Josephine
Aim: Josephine, wielding a +0 dagger and wearing a +0 robe (severely wounded, 76% to hit)
The stone arrow hits Josephine!!
You kill Josephine!
The wraith barely misses you.
The wraith is distracted by your dazzling golden aura.
The wraith hits you!
* * * LOW HITPOINT WARNING * * *
Your life force feels restored.
Your Dodging skill increases to level 5!
Your Spellcasting skill increases to level 11!
Okay, then.
Okay, then.
You feel yourself speed up. The wraith hits you!
* * * LOW HITPOINT WARNING * * *
The wraith drains your vigour!
You feel as though you will be slow longer.
The wraith closely misses you. The wraith completely misses you.
The wraith hits you!
You die...
Your body crumbles into a pile of gold.

#................
#.................
#.#####...........
#.# #...........
#.# #...........
#.#####..........
#................
#...........####
##########@.#
......WWW......
.......W.......
#########$.....
..#### .## #


You could see 4 wraiths.

Vanquished Creatures
  Josephine (D:11)
  2 two-headed ogres
  Urug (D:10)
  Pikel (D:9)
  An unseen horror (D:10)
  A troll (D:10)
  Grinder (D:4)
  3 wraiths
  Sigmund (D:5)
  A wyvern (D:8)
  13 yaks
  A vampire (D:11)
  2 shadows
  Eustachio (D:5)
  A steam dragon (D:7)
  4 vampire mosquitoes (D:9)
  Edmund (D:6)
  2 acid dragons
  Duvessa (D:4)
  An orc warrior (D:7)
  A sky beast (D:6)
  A black bear (D:7)
  An ogre (D:6)
  2 centaurs (D:7)
  3 phantoms
  3 lemures (D:9)
  2 bullfrogs (D:7)
  3 wyvern zombies (Ossuary)
  2 scorpions
  A water moccasin zombie (Ossuary)
  12 wights
  Dowan (D:4)
  6 killer bees (D:9)
  2 electric eels (D:6)
  4 howler monkeys
  A centaur zombie (Ossuary)
  3 bullfrog zombies (Ossuary)
  A gnoll shaman (D:8)
  4 orc priests
  5 hounds
  An iguana (D:5)
  9 mummies (Ossuary)
  5 orc wizards
  2 human simulacra (D:9)
  A howler monkey zombie (Ossuary)
  8 gnolls
  3 adders
  A white imp (D:7)
  An ufetubus (D:7)
  2 worms
  3 dart slugs
  39 orcs
  3 endoplasms
  3 giant cockroaches (D:4)
  6 goblins
  3 hobgoblins (D:2)
  4 jackals (D:2)
  3 quokkas
  10 ball pythons
  3 bats
  A frilled lizard (D:1)
  5 kobolds
  3 rats
217 creatures vanquished.

Vanquished Creatures (others)
  22 plants
  12 withered plants (Ossuary)
34 creatures vanquished.

Grand Total: 251 creatures vanquished

Notes
Turn   | Place    | Note
-------+----------+-------------------------------------------
     0 | D:1      | Crownlay the Octopode Earth Elementalist began the quest
                  | for the Orb.
     0 | D:1      | Reached XP level 1. HP: 11/11 MP: 3/3
   357 | D:1      | Found a faded altar of an unknown god.
   575 | D:1      | Reached XP level 2. HP: 17/17 MP: 5/5
  1464 | D:2      | Reached XP level 3. HP: 21/21 MP: 7/7
  1468 | D:2      | Learned a level 3 spell: Stone Arrow
  1738 | D:2      | Noticed a phantom
  1744 | D:2      | Killed a phantom
  1745 | D:2      | Reached XP level 4. HP: 20/27 MP: 2/9
  2131 | D:3      | Reached XP level 5. HP: 23/31 MP: 4/10
  3198 | D:3      | Reached XP level 6. HP: 28/36 MP: 12/12
  3846 | D:4      | Noticed Grinder
  3855 | D:4      | Killed Grinder
  3856 | D:4      | Reached skill level 5 in Stealth
  3856 | D:4      | Reached skill level 5 in Spellcasting
  3856 | D:4      | Reached XP level 7. HP: 41/41 MP: 6/14
  3943 | D:4      | Noticed Duvessa
  3944 | D:4      | Noticed Dowan
  3948 | D:4      | Killed Duvessa
  3951 | D:4      | Killed Dowan
  4245 | D:4      | Reached skill level 5 in Earth Magic
  4549 | D:5      | Entered Level 5 of the Dungeon
  4642 | D:5      | Found a broken altar of Ashenzari.
  4825 | D:5      | Noticed Eustachio
  5198 | D:5      | Noticed Sigmund
  5204 | D:5      | Killed Sigmund
  5205 | D:5      | Reached XP level 8. HP: 46/46 MP: 16/17
  5414 | D:5      | Found a staircase to the Ecumenical Temple.
  5423 | Temple   | Entered the Ecumenical Temple
  5508 | Temple   | Became a worshipper of Gozag Ym Sagoz the Greedy
  5627 | D:5      | Killed Eustachio
  6183 | D:6      | Reached XP level 9. HP: 51/51 MP: 20/20
  6225 | D:6      | Noticed Edmund
  6235 | D:6      | Killed Edmund
  7090 | D:7      | You fall into a shaft and drop 1 floor!
  7266 | D:8      | Found a sand-covered staircase.
  7271 | Ossuary  | Entered an ossuary
  7672 | Ossuary  | Identified the ring of the Painted Breadfruit {Ice rElec
                  | Int+4 Dex+4 Stlth+}
  7893 | D:8      | Identified the +7 long sword of a Billion Shrikes {vamp,
                  | Str+2}
  8127 | D:8      | Reached XP level 10. HP: 56/56 MP: 23/23
  8270 | D:8      | Found an ancient bone altar of Kikubaaqudgha.
  8277 | D:8      | Identified the +5 spear "Grim Tooth" {elec, Str+3}
  8299 | D:8      | Reached skill level 10 in Stealth
  8311 | D:8      | Identified the +4 ring mail of the Volcano {Fly rC- Str+3
                  | Slay+4}
  8461 | D:9      | Reached skill level 1 in Fighting
  8483 | D:9      | Found a snail-covered altar of Cheibriados.
  8758 | D:9      | Noticed Pikel
  8804 | D:9      | Killed Pikel
  9096 | D:9      | Learned a level 4 spell: Petrify
  9124 | D:9      | Reached skill level 10 in Spellcasting
  9431 | D:9      | Found a glowing golden altar of the Shining One.
  9431 | D:9      | Noticed a two-headed ogre
  9447 | D:9      | Killed a two-headed ogre
  9448 | D:9      | Reached XP level 11. HP: 67/67 MP: 19/25
  9791 | D:9      | Found an ornate altar of the Wu Jian Council.
  9863 | D:10     | Entered Level 10 of the Dungeon
  9957 | D:10     | Noticed a two-headed ogre
  9963 | D:10     | Killed a two-headed ogre
 11507 | D:10     | Noticed Urug
 11518 | D:10     | HP: 3/69 [Urug/+2 eveningstar of protection (17)]
 11519 | D:10     | Killed Urug
 12170 | D:10     | Found Bill's Book Boutique.
 12177 | D:10     | Bought a book of the Earth for 576 gold pieces
 12184 | D:10     | Learned a level 6 spell: Statue Form
 12190 | D:10     | Learned a level 5 spell: Lee's Rapid Deconstruction
 12595 | D:11     | Noticed Josephine
 12602 | D:11     | Killed Josephine
 12603 | D:11     | Reached skill level 5 in Dodging
 12603 | D:11     | HP: 1/70 [wraith[Josephine] (11)]
 12603 | D:11     | Mangled by a wraith

Illustrated notes

Levels and vault maps discovered:
D:1:      dpeg_arrival_water_temple_mockup, layout_loops_ring, serial_rivers,
          chequers_serial_rivers_room_b, chequers_serial_rivers_small_a,
          chequers_serial_rivers_room_b, chequers_serial_rivers_large_a,
          dreamdust_ecumenical_altar_angels_and_demons, minmay_tetromino_i2
D:2:      layout_basic
D:3:      layout_loops_ring, serial_glass, glass_columns_b, glass_columns_a,
          nicolae_grassy_gnolls
D:4:      layout_cave_pools, uniq_grinder, uniq_duvessa
D:5:      layout_gridville, ashenzari_conservatory_becter,
          minmay_temple_entry_junction, uniq_eustachio, uniq_sigmund
D:6:      layout_rooms, minmay_stone_trees_medium, minmay_misc_feat_alley,
          chequers_big_river, uniq_edmund
D:7:      layout_layer_cave, grunt_ministairs_15
D:8:      layout_basic, kiku_gazebo_pond_becter, enter_ossuary_5
D:9:      layout_cave_pods, nicolae_overflow_hidden_temple,
          mainiacjoe_overflow_cross_hatched, bh_circular_ruins, uniq_pikel
D:10:     layout_long_grid, serial_shops, shop, uniq_urug
D:11:     layout_long_grid, erik_lair_dragon, uniq_lodul, uniq_josephine
Temple:   compressed_dpeg_circular_temple

Skill      XL: |  1  2  3  4  5  6  7  8  9 10 11 |
---------------+----------------------------------+-----
Stealth        | 3 4 5 6 8 9 11 | 11.8
Spellcasting   | 3 4 5 6 7 9 10 11 | 11.0
Earth Magic    | 4 5 6 7 8 |  8.8
Fighting       | 3 4 |  4.4
Transmutations | 3 4 |  4.6
Dodging        | 4 5 |  5.0

Action                   |  1- 3 |  4- 6 |  7- 9 | 10-12 || total
-------------------------+-------+-------+-------+-------++-------
Melee: Lajatang          |     1 |       |       |     6 ||     7
       Tentacles         |       |       |       |     3 ||     3
       Constrict         |       |       |       |     2 ||     2
 Fire: Hunting sling     |    81 |    78 |    23 |       ||   182
 Cast: Sandblast         |    10 |    47 |    52 |    43 ||   152
       Stone Arrow       |       |    15 |   105 |   110 ||   230
Evoke: Wand              |       |       |     4 |     5 ||     9
  Use: Scroll            |     1 |     2 |    11 |     5 ||    19
       Potion            |       |       |     1 |     3 ||     4
 Stab: Sleeping          |       |       |       |     1 ||     1
Armor: Skin              |     3 |     3 |     1 |       ||     7
Dodge: Dodged            |    26 |    33 |    37 |    45 ||   141

Table legend: (Time is in decaauts)
 A = Elapsed time spent in this place.
 B = Non-inter-level travel time spent in this place.
 C = Inter-level travel time spent in this place.
 D = Time resting spent in this place.
 E = Time spent auto-exploring this place.
 F = Levels seen in this place.
 G = Mean time per level.
                   A        B        C        D        E       F      G
               +--------+--------+--------+--------+--------+-----+--------+
         Total |  12696 |  12312 |    384 |      0 |  10526 |  13 |  976.6 |
       Dungeon |  12086 |  11722 |    364 |      0 |  10099 |  11 | 1098.7 |
        Temple |    105 |     85 |     20 |      0 |     40 |   1 |  105.0 |
       Ossuary |    504 |    504 |      0 |      0 |    387 |   1 |  504.0 |
               +--------+--------+--------+--------+--------+-----+--------+

Top non-repeatable levels by time:
     D:3: 1674 daAuts
     D:9: 1490 daAuts
     D:7: 1440 daAuts
    D:10: 1289 daAuts
     D:5: 1207 daAuts
     D:1: 1180 daAuts
     D:4: 909 daAuts
     D:6: 883 daAuts
     D:2: 864 daAuts
     D:8: 863 daAuts
 Ossuary: 504 daAuts
    D:11: 281 daAuts
  Temple: 105 daAuts
